 Dungeon Crawl Stone Soup version 0.30-a0-862-g1aabd4f9c5 (webtiles) character file.

Game seed: 14085416102180981533

16 ragingrage the Cudgeller (level 2, 0/24 HPs)
             Began as a Ghoul Warper on Mar 10, 2023.
             Slain by a kobold
             ... wielding a +4 short sword
              (8 damage)
             ... on level 1 of the Dungeon.
             The game lasted 00:00:36 (706 turns).

ragingrage the Cudgeller (Ghoul Warper)              Turns: 706, Time: 00:00:37

Health: 0/24       AC:  3    Str: 14    XL:     2   Next: 58%
Magic:  3/3        EV: 11    Int:  8    God:
Gold:   52         SH:  0    Dex:  8    Spells: 0/4 levels left

rFire   . . .      SeeInvis .    a - +0 mace
rCold   + . .      Faith    .    (no shield)
rNeg    + + +      Spirit   .    b - +0 leather armour
rPois   ∞          Reflect  .    (no helmet)
rElec   .          Rampage  .    (no cloak)
rCorr   .                        (no gloves)
Will    .....                    (no boots)
Stlth   +                        (no amulet)
HPRegen 0.00/turn                (no ring)
MPRegen 0.08/turn                (no ring)

@: inhibited regen
A: claws 1, cold resistance 1, negative energy resistance 3, inhibited
regeneration, torment resistance 2, devour on kill
a: no special abilities


You were on level 1 of the Dungeon.
You visited 1 branch of the dungeon, and saw 1 of its levels.

You collected 52 gold pieces.

Inventory:

Hand Weapons
 a - a +0 mace (weapon)
Missiles
 d - 7 boomerangs of dispersal (quivered)
Armour
 b - a +0 leather armour (worn)
Scrolls
 c - a scroll of blinking
 e - a scroll of poison {unknown}
 f - a scroll of silence {unknown}
 g - a scroll of identify {unknown}
 h - a scroll of fear {unknown}
 i - 2 scrolls of teleportation {unknown}
 j - 2 scrolls of vulnerability {unknown}
 l - a scroll of enchant weapon {unknown}
 m - a scroll of immolation {unknown}
Potions
 k - 2 potions of lignification {unknown}
 n - a potion of flight {unknown}


   Skills:
 - Level 2.1 Fighting
 + Level 2.8 Maces & Flails
 - Level 0.8 Throwing
 - Level 0.8 Armour
 - Level 1.7 Dodging
 - Level 1.7 Spellcasting
 - Level 2.6 Translocations


You couldn't memorise any spells.
You knew the following spells:

 Your Spells              Type           Power      Damage    Failure   Level
a - Blink                 Tloc           10%        N/A       22%         2
b - Lesser Beckoning      Tloc           10%        N/A       22%         2

Your spell library contained the following spells:

 Spells                   Type           Power      Damage    Failure   Level
 Teleport Other           Tloc           5%         N/A       41%         3
 Vhi's Electric Charge    Tloc/Air       4%         N/A       61%         3
 Manifold Assault         Tloc           5%         N/A       83%         4


Dungeon Overview and Level Annotations

Branches:
Dungeon (1/15)

Altars:


Innate Abilities, Weirdness & Mutations

You are immune to poison.
You have sharp fingernails.
Your flesh is cold resistant. (rC+)
You are immune to negative energy. (rN+++)
You do not regenerate when monsters are visible.
You are immune to unholy pain and torment.
You thrive by killing the living.


Message History

There is an open door here.
A hobgoblin comes into view.
A hobgoblin is nearby!
The hobgoblin completely misses you.
You hit the hobgoblin. The hobgoblin misses you.
The hobgoblin barely misses you.
You hit the hobgoblin but do no damage. The hobgoblin hits you.
You hit the hobgoblin.
You kill the hobgoblin!
No target in view!
No target in view!
No target in view!
No target in view!
No target in view!
You see here a hobgoblin corpse.
n - a viscous cyan potion You open the door.
There is an open door here.
You see here 9 stones.
You now have 52 gold pieces (gained 10).
A kobold comes into view. It is wielding a +4 short sword.
The kobold shouts!
A kobold is nearby!
The kobold hits you with a +4 short sword.
You closely miss the kobold.
The kobold hits you with a +4 short sword.
You are too injured to fight recklessly!
You are too injured to fight recklessly!
You are too injured to fight recklessly!
You are too injured to fight recklessly!
You are too injured to fight recklessly!
You are too injured to fight recklessly!
You are too injured to fight recklessly!
You are too injured to fight recklessly!
You are too injured to fight recklessly!
You hit the kobold.
The kobold hits you with a +4 short sword. x2
You barely miss the kobold.
The kobold hits you with a +4 short sword!
You die...

##...##### #.# ##.##
#.# #.# #.# #.#
#####.### ##'##
#.......# ##...##
#.###.#.# ##.....##
#. #.#.# #.......##
#..##.#.# .........#
#..K@.#.#
.†.......+.......##.#
#........####...## .#
........## #... .#
##.....## #...
##...## ###. ##+## ..
#.


You could see a kobold.

Vanquished Creatures
  A ball python (D:1)
  3 endoplasms (D:1)
  A goblin (D:1)
  3 hobgoblins (D:1)
  2 bats (D:1)
  A kobold (D:1)
  4 rats (D:1)
15 creatures vanquished.

Notes
Turn   | Place    | Note
-------+----------+-------------------------------------------
     0 | D:1      | ragingrage the Ghoul Warper began the quest for the Orb.
     0 | D:1      | Reached XP level 1. HP: 17/17 MP: 2/2
   167 | D:1      | Reached XP level 2. HP: 19/24 MP: 3/3
   529 | D:1      | Learned a level 2 spell: Blink
   532 | D:1      | Learned a level 2 spell: Lesser Beckoning
   706 | D:1      | Slain by a kobold

Illustrated notes

Levels and vault maps discovered:
D:1:      erik_arrival_orb_chamber, layout_loops_corners

Skill      XL: |  1 |
---------------+----+-----
Maces & Flails | 2 |  2.8
Fighting       | |  2.1
Throwing       | |  0.8
Armour         | |  0.8
Dodging        | |  1.7
Spellcasting   | |  1.7
Translocations | |  2.6

Action                     || total
---------------------------++-------
  Melee: Mace              ||    52
 Armour: Leather armour    ||    16
  Dodge: Dodged            ||    28

Table legend: (Time is in decaauts)
 A = Elapsed time spent in this place.
 B = Non-inter-level travel time spent in this place.
 C = Inter-level travel time spent in this place.
 D = Time resting spent in this place.
 E = Time spent auto-exploring this place.
 F = Levels seen in this place.
 G = Mean time per level.
                   A        B        C        D        E       F      G
               +--------+--------+--------+--------+--------+-----+--------+
         Total |    724 |    724 |      0 |     95 |    490 |   1 |  724.0 |
       Dungeon |    724 |    724 |      0 |     95 |    490 |   1 |  724.0 |
               +--------+--------+--------+--------+--------+-----+--------+

Top non-repeatable levels by time:
     D:1: 724 daAuts
